 Dungeon Crawl Stone Soup version 0.25-a0-930-g9f5dfa9815 (webtiles) character file.

Game seed: 6378457736655045911, levelgen mode: deterministic

52 HoaS the Ruffian (level 3, -5/24 HPs)
             Began as a Gargoyle Berserker on May 3, 2020.
             Was a Believer of Trog.
             Slain by Sigmund
             ... wielding a +3 antimagic scythe
              (9 damage)
             ... on level 2 of the Dungeon.
             The game lasted 00:02:55 (1487 turns).

HoaS the Ruffian (Gargoyle Berserker)               Turns: 1487, Time: 00:02:56

Health: -5/24      AC: 11    Str: 21    XL:     3   Next: 85%
Magic:  1/3        EV: 11    Int:  7    God:    Trog [**....]
Gold:   56         SH:  0    Dex:  9    Spells: 2/2 levels left

rFire    . . .     SeeInvis .     - Unarmed
rCold    . . .     Gourm    .   (no shield)
rNeg     + . .     Faith    .   n - +0 ring mail
rPois    ∞         Spirit   .   k - +2 helmet
rElec    +         Reflect  .   (no cloak)
rCorr    .         Harm     .   (no gloves)
MR       .....                  (no boots)
Stlth    ..........             (no amulet)
HPRegen  0.08/turn              (no ring)
MPRegen  0.08/turn              (no ring)

@: berserk cooldown, slowed, very slow
A: negative energy resistance 1, electricity resistance, unbreathing,
petrification resistance, rot immunity, AC +3
a: Berserk, Trog's Hand, Renounce Religion


You were on level 2 of the Dungeon.
You worshipped Trog.
Trog was pleased with you.
You were very hungry.

You visited 1 branch of the dungeon, and saw 2 of its levels.

You collected 56 gold pieces.

Inventory:

Armour
 k - a +2 helmet (worn)
 n - a +0 ring mail (worn)
Scrolls
 a - a scroll of enchant armour {unknown}
 c - a scroll of remove curse {unknown}
 f - 2 scrolls of enchant weapon {unknown}
 g - a scroll of blinking {unknown}
 h - a scroll of magic mapping {unknown}
 j - 6 scrolls of identify {unknown}
 l - a scroll of teleportation {unknown}
 o - a scroll of fog {unknown}
Potions
 e - 2 potions of degeneration {unknown}
 i - a potion of curing {unknown}
 m - a potion of flight {unknown}
Comestibles
 b - 4 rations
 d - a chunk of flesh


   Skills:
 + Level 4.0 Fighting
 - Level 2.1 Armour
 - Level 1.5 Dodging
 * Level 4.2 Unarmed Combat


You had 2 spell levels left.
You didn't know any spells.
Your spell library was empty.

Dungeon Overview and Level Annotations

Branches:
Dungeon (2/15)

Altars:
Elyvilon

Annotations:
D:2 Sigmund


Innate Abilities, Weirdness & Mutations

You are resistant to torment.
Your stone body is resilient. (AC +3)
You are immune to poison.
You resist negative energy. (rN+)
You are resistant to electric shocks. (rElec)
You can survive without breathing.
You are immune to petrification.
You are immune to rotting.


Message History

You barely miss something. You closely miss something.
You hear some strange, mumbled words.
You are confused.
Something hits you.
You feel your power leaking away.
You barely miss something. Something hits you.
* * * LOW HITPOINT WARNING * * *
You're too confused to move!
Something hits you but does no damage.
You completely miss something. You barely miss something.
Something hits you but does no damage.
You're too confused to move!
You feel less confused. Something hits you but does no damage.
You hit something. Something hits you.
* * * LOW HITPOINT WARNING * * *
You closely miss something.
Sigmund appears from thin air!
Reactivating autopickup.
Sigmund hits you with a +3 antimagic scythe!
You die...

#.....##..###.....#
#.###.##...###.#..######.#..
#.#...##......................
###.####...........#####..#...
....####...)####..............
.......#....####..#####.......
.......+.....................
.###...##...#####@........#
...#.>..........@.........####.
...#....#..######............$.
...#....#. #..........?... ...#
...# ####'###.#####. .### #.#
.r. ... ... ...$. ### ##...
.....r. #.###...###. ..# #..#


You could see Sigmund.

Vanquished Creatures
  A gnoll (D:1)
  An adder (D:2)
  A worm (D:2)
  2 dart slugs (D:1)
  A leopard gecko (D:1)
  4 bats (D:1)
  5 goblins
  3 hobgoblins
  2 kobolds (D:1)
  A ball python (D:1)
  2 frilled lizards (D:1)
  4 rats
27 creatures vanquished.

Notes
Turn   | Place    | Note
-------+----------+-------------------------------------------
     0 | D:1      | HoaS the Gargoyle Berserker began the quest for the Orb.
     0 | D:1      | Reached XP level 1. HP: 14/14 MP: 1/1
   261 | D:1      | Reached XP level 2. HP: 18/19 MP: 2/2
   696 | D:1      | Reached XP level 3. HP: 15/24 MP: 3/3
  1032 | D:1      | Reached ** piety under Trog
  1325 | D:2      | Found a white marble altar of Elyvilon.
  1441 | D:2      | Noticed Sigmund
  1487 | D:2      | Slain by Sigmund

Levels and vault maps discovered:
D:1:      dpeg_arrival_refuge, layout_loops_corners
D:2:      layout_basic, elyvilon_altar_5, first_ration, grunt_decor_cap,
          uniq_sigmund

Skill      XL: |  1  2  3 |
---------------+----------+-----
Unarmed Combat | 4 |  4.2
Fighting       | 4 |  4.0
Armour         | |  2.1
Dodging        | |  1.5

Action                   || total
-------------------------++-------
Melee: Unarmed           ||   158
       Punch             ||     1
Invok: Berserk           ||     1
       Trog's Hand       ||     1
  Eat: Chunk             ||     2
Armor: Animal skin       ||    51
       Ring mail         ||    18
Dodge: Dodged            ||    79

Table legend:
 A = Non-vault XP
 B = Vault XP
 C = Vault XP percentage of total XP
 D = Non-vault monster count
 E = Vault monster count
 F = Vault count percentage of total count
                 A         B        C        D         E       F
            +---------+---------+-------+---------+---------+-------
      Total |      75 |       0 |   0.0 |      27 |       0 |   0.0
            +---------+---------+-------+---------+---------+-------
        D:1 |      52 |       0 |   0.0 |      22 |       0 |   0.0
        D:2 |      23 |       0 |   0.0 |       5 |       0 |   0.0
            +---------+---------+-------+---------+---------+-------
